 Dungeon Crawl Stone Soup version 0.31-a0-1059-g83d41fd (webtiles) character file.

Game seed: 795159636974215359

30 PurpleRed the Trooper (level 3, -6/33 HPs)
             Began as a Meteoran Delver on Nov 21, 2023.
             Splashed by a jelly's acid (9 damage)
             ... on level 3 of the Dungeon.
             The game lasted 00:03:18 (224 turns).

PurpleRed the Trooper (Meteoran Delver)              Turns: 224, Time: 00:03:18

Health: -6/33      AC: -5    Str: 15    XL:     3   Next: 55%
Magic:  4/4        EV: 12    Int: 12    God:
Gold:   16         SH:  0    Dex: 15    Spells: 2/2 levels left

rFire   . . .        a - +0 hand axe
rCold   . . .        (no shield)
rNeg    . . .        b - +0 leather armour
rPois   .            (no helmet)
rElec   .            (no cloak)
rCorr   .            (no gloves)
SInv    .            (no boots)
Will    .....        (no amulet)
Stlth   +            (no ring)
HPRegen 0.25/turn    (no ring)
MPRegen 0.09/turn

%: no passive effects
@: corroded, glowing
A: sense surroundings 1, otherworldly, glowing, explore regen
a: no special abilities


You were on level 3 of the Dungeon.
You visited 1 branch of the dungeon, and saw 3 of its levels.

You collected 16 gold pieces.

Inventory:

Hand Weapons
 a - a +0 hand axe (weapon)
Armour
 b - a +0 leather armour (worn)
Wands
 g - a wand of digging (3)
Scrolls
 c - a scroll of fog


   Skills:
 + Level 3.8 Fighting
 * Level 3.8 Axes
 - Level 2.1 Dodging
 - Level 3.7 Stealth


You had 2 spell levels left.
You didn't know any spells.
Your spell library was empty.

Dungeon Overview and Level Annotations

Branches:
Dungeon (5/15) Zot: 1588
 Temple: D:4-7

Altars:

Shops:
D:4 *:


Innate Abilities, Weirdness & Mutations

You passively map a small area around you.
You are easily found by Zot.
You glow in the dark.
You regain HP and MP as you explore.


Message History

You hit the goblin.
You kill the goblin!
Things that are here:
a +0 club; a +0 dagger
Items here: )) †††.
Things that are here:
a +0 club; a +0 dagger A goblin comes into view.
It is wielding a +0 club.
The goblin shouts!
The goblin hits you with a +0 club. The goblin barely misses you.
The goblin shouts!
The goblin barely misses you. The goblin closely misses you.
The goblin attacks as it pursues you! The goblin barely misses you.
The goblin closely misses you. The goblin attacks as it pursues you!
The goblin hits you with a +0 dagger.
Found a stone staircase leading up.
The goblin attacks as it pursues you! The goblin barely misses you.
You barely miss the goblin. The goblin hits you with a +0 dagger.
You hit the goblin but do no damage. The goblin hits you with a +0 dagger.
There is a stone staircase leading up here.
You slash the goblin!
You kill the goblin!
You hit the goblin.
You kill the goblin!
The jelly hits you. The acid corrodes you!
You are splashed with acid!
You climb upwards.
There is a stone staircase leading down here.
You hit the jelly but do no damage. The acid corrodes you!
Your hands burn!
The jelly misses you.
You hit the jelly but do no damage.
Your hands burn!
The jelly hits you.
You are splashed with acid!
* * * LOW HITPOINT WARNING * * *
You barely miss the jelly. You barely miss the quokka. The quokka bites you.
* * * LOW HITPOINT WARNING * * *
The jelly hits you.
* * * LOW HITPOINT WARNING * * *
You are splashed with acid!
You die...

* * * * ,,
,,* .
,*###### ***
* , #..##....
, , * *
#.......#*
#.....r@# **
,
#......J....#
, , *
#.......###.#
* **
#.......#*
#.....#..,,
....#.#.# , *
#.###.#.# ..
#.#.# ** *, *
*


You could see a jelly and a quokka.

Vanquished Creatures
  2 adders (D:4)
  An endoplasm (D:4)
  6 goblins (D:4)
  2 hobgoblins (D:4)
11 creatures vanquished.

Notes
Turn   | Place    | Note
-------+----------+-------------------------------------------
     0 | D:5      | PurpleRed the Meteoran Delver began the quest for the Orb.
     0 | D:5      | Reached XP level 1. HP: 19/19 MP: 2/2
    58 | D:4      | Reached XP level 2. HP: 26/26 MP: 3/3
    85 | D:4      | Found Uzyben's Book Shop.
    89 | D:4      | Found Irotogo's Assorted Antiques.
   111 | D:4      | Noticed a jelly
   170 | D:4      | Reached XP level 3. HP: 30/31 MP: 4/4
   224 | D:3      | Splashed by a jelly's acid

Illustrated notes

Levels and vault maps discovered:
D:3:      layout_loops_ring, serial_shops, nicolae_shop_crystal, uniq_jessica
D:4:      kennysheep_the_goblin_king, layout_loops_corners,
          minmay_overflow_temple_hex, serial_shops, shop_fountains,
          kennysheep_mini, shop, roderic_st_hans_cross,
          minmay_fractal_squares_gapless_5
D:5:      layout_loops_ring

Skill      XL: |  1 |
---------------+----+-----
Axes           | 3 |  3.8
Fighting       | |  3.8
Dodging        | |  2.1
Stealth        | |  3.7

Action                     || total
---------------------------++-------
  Melee: Hand axe          ||    43
    Use: Scroll            ||     2
         Potion            ||     1
 Armour: Leather armour    ||    28
  Dodge: Dodged            ||    24

Table legend: (Time is in decaauts)
 A = Elapsed time spent in this place.
 B = Non-inter-level travel time spent in this place.
 C = Inter-level travel time spent in this place.
 D = Time resting spent in this place.
 E = Time spent auto-exploring this place.
 F = Levels seen in this place.
 G = Mean time per level.
                   A        B        C        D        E       F      G
               +--------+--------+--------+--------+--------+-----+--------+
         Total |    210 |    210 |      0 |      0 |      0 |   3 |   70.0 |
       Dungeon |    210 |    210 |      0 |      0 |      0 |   3 |   70.0 |
               +--------+--------+--------+--------+--------+-----+--------+

Top non-repeatable levels by time:
     D:4: 204 daAuts
     D:5: 3 daAuts
     D:3: 3 daAuts
